MID
FORT WAYNE TINCAPS @ HARTFORD YARD GOATS
05/03/2044
 
TOP OF THE 1ST
Fort Wayne TinCaps batting - Pitching for Hartford Yard Goats : RHP Clay Redman
Pitching: RHP Clay Redman
Batting: SHB Adam Martin 0-0: Ball
1-0: Ball
2-0: Ball
3-0: Base on Balls
Batting: RHB Rodolfo Rivera 0-0: Foul Ball, location: 2F
0-1: Ball
Adam Martin is caught stealing 2nd base 2-4
1-1: Ball
2-1: Fly out, F9 (Flyball, 89S, EV 93.1 MPH)
Batting: LHB James Sousa 0-0: Called Strike
0-1: DOUBLE (Line Drive, 9LS, EV 103.1 MPH)
Batting: LHB Angel Mejia 0-0: Ground out U3 (Groundball, 34S, EV 85.6 MPH)
Top of the 1st over - 0 runs, 1 hit, 0 errors, 1 left on base; Fort Wayne 0 - Hartford 0
BOTTOM OF THE 1ST
Hartford Yard Goats batting - Pitching for Fort Wayne TinCaps : RHP Tom Ackerman
Pitching: RHP Tom Ackerman
Batting: SHB Eddie Quinones 0-0: Ball
1-0: Foul Ball, location: 2F
1-1: Fly out, F8 (Flyball, 8LM, EV 76.2 MPH)
Batting: SHB Jon Munoz 0-0: Ball
1-0: Ball
2-0: Ball
3-0: Called Strike
3-1: Foul Ball, location: 2F
3-2: Foul Ball, location: 2F
3-2: Fly out, F9 (Flyball, 9S, EV 85.0 MPH)
Batting: SHB Pete Perla 0-0: Called Strike
0-1: Called Strike
0-2: Foul Ball, location: 2F
0-2: Foul Ball, location: 2F
0-2: Ground out 5-3 (Groundball, 5S, EV 71.2 MPH)
Bottom of the 1st over - 0 runs, 0 hits, 0 errors, 0 left on base; Fort Wayne 0 - Hartford 0
TOP OF THE 2ND
Fort Wayne TinCaps batting - Pitching for Hartford Yard Goats : RHP Clay Redman
Batting: RHB Mike Maserang 0-0: Reached on error, E6 (Groundball, 56D, EV 83.1 MPH)
Batting: RHB Davey Verhoog 0-0: Ball
1-0: Swinging Strike
1-1: Foul Ball, location: 2F
1-2: Ball
2-2: Ball
3-2: Fly out, F8 (Flyball, 8RM, EV 76.9 MPH)
Batting: SHB Josh Parker 0-0: Fly out, F8 (Flyball, 8LM, EV 75.0 MPH)
Batting: RHB Nelson Trujillo 0-0: Ball
1-0: Ball
Passed Ball!
Mike Maserang to second
2-0: Foul Ball, location: 2F
2-1: Foul Ball, location: 2F
2-2: SINGLE (Groundball, 56D, EV 104.4 MPH)
Mike Maserang to third
Runner from 3rd tries for Home, SAFE, throw by LF to home
Batting: RHB Brian Burd 0-0: Ball
1-0: Swinging Strike
1-1: Ball
2-1: Called Strike
2-2: Strikes out swinging
Top of the 2nd over - 1 run, 1 hit, 1 error, 1 left on base; Fort Wayne 1 - Hartford 0
BOTTOM OF THE 2ND
Hartford Yard Goats batting - Pitching for Fort Wayne TinCaps : RHP Tom Ackerman
Batting: RHB Justin Williams 0-0: Ball
1-0: Foul Ball, location: 2F
1-1: Foul Ball, location: 2F
1-2: Foul Ball, location: 2F
1-2: Fly out, F9 (Line Drive, 9, EV 93.1 MPH)
Batting: RHB Kian-tat Chen 0-0: Ground out 4-3 (Groundball, 4M, EV 98.1 MPH)
Batting: RHB Eric Garrett 0-0: Called Strike
0-1: Foul Ball, location: 2F
0-2: Foul Ball, location: 2F
0-2: Ball
1-2: Ball
2-2: Fly out, F8 (Flyball, 78M, EV 90.6 MPH)
Bottom of the 2nd over - 0 runs, 0 hits, 0 errors, 0 left on base; Fort Wayne 1 - Hartford 0
TOP OF THE 3RD
Fort Wayne TinCaps batting - Pitching for Hartford Yard Goats : RHP Clay Redman
Batting: SHB Adam Martin 0-0: Called Strike
0-1: Ball
1-1: Foul Ball, location: 2F
1-2: Ball
2-2: Hit by Pitch
Batting: RHB Rodolfo Rivera 0-0: Hit by Pitch
Adam Martin to second
Batting: LHB James Sousa 0-0: Ball
1-0: Swinging Strike
1-1: Hit by Pitch, AND HE CHARGES THE MOUND! The benches clear!
Adam Martin to third
Rodolfo Rivera to second
Pitching: RHP Joe Goodale
Pinch Runner at 1st Mike Schermerhorn:
Batting: LHB Angel Mejia 0-0: Ball
1-0: DOUBLE (Flyball, 89D, EV 112.5 MPH)
Adam Martin scores
Rodolfo Rivera scores
Mike Schermerhorn to third
Batting: RHB Mike Maserang 0-0: Ball
1-0: Foul Ball, location: 2F
1-1: Ball
2-1: Ball
3-1: Called Strike
3-2: Foul Ball, location: 2F
3-2: 3-RUN HOME RUN (Flyball, 78XD, EV 101.9 MPH), Distance : 391 ft
Batting: RHB Davey Verhoog 0-0: Called Strike
0-1: Foul Ball, location: 2F
0-2: Ball
1-2: Ball
2-2: Ball
3-2: Ground out 6-3 (Groundball, 6, EV 85.0 MPH)
Batting: SHB Josh Parker 0-0: Ball
1-0: Ball
2-0: Ball
3-0: Called Strike
3-1: Base on Balls
Batting: RHB Nelson Trujillo 0-0: Foul Ball, location: 2F
0-1: Ball
1-1: Ball
2-1: Ball
3-1: Foul Ball, location: 2F
3-2: Strikes out swinging
Batting: RHB Brian Burd 0-0: Ball
1-0: Ground out 4-3 (Groundball, 4, EV 106.2 MPH)
Top of the 3rd over - 5 runs, 2 hits, 0 errors, 1 left on base; Fort Wayne 6 - Hartford 0
BOTTOM OF THE 3RD
Hartford Yard Goats batting - Pitching for Fort Wayne TinCaps : RHP Tom Ackerman
Batting: LHB Eddie Gonzalez 0-0: Ground out 4-3 (Groundball, 4, EV 90.0 MPH)
Batting: RHB Randy Breitbart 0-0: SINGLE (Groundball, 56D, EV 108.1 MPH)
Batting: LHB Mick Knopp 0-0: Fly out, F9 (Flyball, 9, EV 89.4 MPH)
Batting: SHB Eddie Quinones 0-0: Ball
1-0: Called Strike
1-1: Ball
2-1: Fly out, F4 (Line Drive, 4, EV 62.5 MPH)
Bottom of the 3rd over - 0 runs, 1 hit, 0 errors, 1 left on base; Fort Wayne 6 - Hartford 0
TOP OF THE 4TH
Fort Wayne TinCaps batting - Pitching for Hartford Yard Goats : RHP Joe Goodale
Batting: SHB Adam Martin 0-0: SINGLE (Line Drive, 6MD, EV 100.0 MPH)
Batting: RHB Rodolfo Rivera 0-0: Ball
1-0: Ball
2-0: Ball
3-0: Base on Balls
Adam Martin to second
Batting: LHB Mike Schermerhorn 0-0: Called Strike
Adam Martin steals 3rd base
Rodolfo Rivera to second
0-1: Swinging Strike
0-2: Strikes out swinging
Batting: LHB Angel Mejia 0-0: Ball
1-0: Called Strike
1-1: Ground out 4-3 (Groundball, 4M, EV 86.9 MPH)
Adam Martin scores
Rodolfo Rivera to third
Batting: RHB Mike Maserang 0-0: DOUBLE (Flyball, 8RD, EV 93.8 MPH)
Rodolfo Rivera scores
Pitching: LHP Eric Zielinski
Batting: RHB Davey Verhoog 0-0: Ball
1-0: Ball
2-0: Called Strike
2-1: Ball
3-1: Ground out 4-3 (Groundball, 4, EV 83.8 MPH)
Top of the 4th over - 2 runs, 2 hits, 0 errors, 1 left on base; Fort Wayne 8 - Hartford 0
BOTTOM OF THE 4TH
Hartford Yard Goats batting - Pitching for Fort Wayne TinCaps : RHP Tom Ackerman
Batting: SHB Jon Munoz 0-0: Called Strike
0-1: Called Strike
0-2: Ball
1-2: SINGLE (Groundball, 6MD, EV 108.8 MPH) (infield hit)
Batting: SHB Pete Perla 0-0: Ball
1-0: Ball
Jon Munoz steals 2nd base
2-0: Ball
3-0: Base on Balls
Batting: RHB Justin Williams 0-0: Ball
Jon Munoz steals 3rd base
1-0: SINGLE (Flyball, 3D, EV 97.5 MPH)
Jon Munoz scores
Pete Perla to second
Batting: RHB Kian-tat Chen 0-0: Ball
1-0: Called Strike
1-1: SINGLE (Groundball, 56D, EV 107.5 MPH)
Pete Perla to third
Justin Williams to second
Batting: RHB Eric Garrett 0-0: Called Strike
0-1: Foul Ball, location: 2F
0-2: Foul Ball, location: 2F
0-2: Ball
1-2: Ball
2-2: Foul Ball, location: 2F
2-2: Ball
3-2: Fielders Choice at 2nd, 6-4 (Groundball, 6, EV 93.1 MPH)
Pete Perla scores
Justin Williams to third
Batting: LHB Eddie Gonzalez 0-0: Ball
1-0: Called Strike
Eric Garrett is caught stealing 2nd base 2-6
1-1: DOUBLE (Line Drive, 78D, EV 100.0 MPH)
Justin Williams scores
Batting: RHB Randy Breitbart 0-0: Called Strike
0-1: Ball
1-1: SINGLE (Groundball, 4D, EV 102.5 MPH)
Eddie Gonzalez to third
Runner from 3rd tries for Home, SAFE, throw by RF to home
Batting: LHB Mick Knopp 0-0: Ball
1-0: Ground out U3 (Groundball, 3L, EV 108.1 MPH)
Bottom of the 4th over - 4 runs, 5 hits, 0 errors, 1 left on base; Fort Wayne 8 - Hartford 4
TOP OF THE 5TH
Fort Wayne TinCaps batting - Pitching for Hartford Yard Goats : LHP Eric Zielinski
Batting: SHB Josh Parker 0-0: Ball
1-0: Swinging Strike
1-1: Ground out 5-3 (Groundball, 56, EV 107.5 MPH)
Batting: RHB Nelson Trujillo 0-0: Fly out, F6 (Line Drive, 6, EV 60.6 MPH)
Batting: RHB Brian Burd 0-0: Called Strike
0-1: Swinging Strike
0-2: Hit by Pitch
Batting: SHB Adam Martin 0-0: SINGLE (Groundball, 56, EV 101.2 MPH) (infield hit)
Brian Burd to second
Batting: RHB Rodolfo Rivera 0-0: Ball
1-0: Ball
2-0: Swinging Strike
2-1: Called Strike
2-2: Strikes out looking
Top of the 5th over - 0 runs, 1 hit, 0 errors, 2 left on base; Fort Wayne 8 - Hartford 4
BOTTOM OF THE 5TH
Hartford Yard Goats batting - Pitching for Fort Wayne TinCaps : RHP Tom Ackerman
Batting: SHB Eddie Quinones 0-0: Ball
1-0: Hit by Pitch
Batting: SHB Jon Munoz 0-0: Called Strike
0-1: Ball
Eddie Quinones steals 2nd base
1-1: Ball
2-1: SINGLE (Line Drive, 6MD, EV 110.0 MPH)
Eddie Quinones to third
Runner from 3rd tries for Home, throw by CF and OUT! 8-2
Batting: SHB Pete Perla 0-0: Ball
Jon Munoz steals 2nd base
1-0: Called Strike
1-1: Ball
2-1: Foul Ball, location: 2F
2-2: Ball
3-2: Ground out U3 (Groundball, 34S, EV 91.9 MPH)
Jon Munoz to third
Pitching: LHP John Maher
Batting: RHB Justin Williams 0-0: Ground out U3 (Groundball, 34, EV 103.1 MPH)
Bottom of the 5th over - 0 runs, 1 hit, 0 errors, 1 left on base; Fort Wayne 8 - Hartford 4
TOP OF THE 6TH
Fort Wayne TinCaps batting - Pitching for Hartford Yard Goats : LHP Eric Zielinski
Batting: LHB Mike Schermerhorn 0-0: Foul Ball, location: 2F
0-1: Ball
1-1: Ground out 4-3 (Groundball, 4S, EV 82.5 MPH)
Pitching: RHP Tony Barragan
Batting: LHB Angel Mejia 0-0: Called Strike
0-1: Ball
1-1: Ground out 1-3 (Groundball, 13S, EV 73.1 MPH)
Batting: RHB Mike Maserang 0-0: Called Strike
0-1: Called Strike
0-2: Ball
1-2: SINGLE (Groundball, 6MS, EV 86.9 MPH) (infield hit)
Batting: RHB Davey Verhoog 0-0: Called Strike
0-1: Foul Ball, location: 2F
0-2: Ball
1-2: Fly out, F7 (Flyball, 78S, EV 91.9 MPH)
Top of the 6th over - 0 runs, 1 hit, 0 errors, 1 left on base; Fort Wayne 8 - Hartford 4
BOTTOM OF THE 6TH
Hartford Yard Goats batting - Pitching for Fort Wayne TinCaps : LHP John Maher
Batting: RHB Kian-tat Chen 0-0: Swinging Strike
0-1: Ball
1-1: SINGLE (Groundball, 4MD, EV 105.6 MPH)
Batting: RHB Eric Garrett 0-0: Ball
Wild Pitch!
Kian-tat Chen to second
1-0: SINGLE (Groundball, 6MD, EV 105.6 MPH)
Kian-tat Chen to third
Batting: LHB Eddie Gonzalez 0-0: Grounds into double play, 4-6-3 (Groundball, 4, EV 86.9 MPH)
Kian-tat Chen scores
Batting: RHB Randy Breitbart 0-0: Foul Ball, location: 2F
0-1: Ground out 6-3 (Groundball, 6, EV 84.4 MPH)
Bottom of the 6th over - 1 run, 2 hits, 0 errors, 0 left on base; Fort Wayne 8 - Hartford 5
TOP OF THE 7TH
Fort Wayne TinCaps batting - Pitching for Hartford Yard Goats : RHP Tony Barragan
Pitching: LHP Ryan Morlan
Batting: SHB Josh Parker 0-0: Foul Ball, location: 2F
0-1: Fly out, F9 (Flyball, 89S, EV 90.6 MPH)
Batting: RHB Nelson Trujillo 0-0: Ball
1-0: Ground out 4-3 (Groundball, 4, EV 78.1 MPH)
Batting: RHB Brian Burd 0-0: Called Strike
0-1: Ball
1-1: Ball
2-1: Ball
3-1: Base on Balls
Batting: SHB Adam Martin 0-0: Ball
1-0: Swinging Strike
1-1: Called Strike
1-2: Strikes out swinging
Top of the 7th over - 0 runs, 0 hits, 0 errors, 1 left on base; Fort Wayne 8 - Hartford 5
BOTTOM OF THE 7TH
Hartford Yard Goats batting - Pitching for Fort Wayne TinCaps : LHP John Maher
Pitching: RHP Roger Brennan
Batting: LHB Mick Knopp 0-0: Called Strike
0-1: Ball
1-1: Foul Ball, location: 2F
1-2: Ball
2-2: Foul Ball, location: 2F
2-2: Fly out, F9 (Line Drive, 89M, EV 86.2 MPH)
Batting: SHB Eddie Quinones 0-0: Called Strike
0-1: Foul Ball, location: 2F
0-2: Ball
1-2: Ball
2-2: Ground out U3 (Groundball, 3L, EV 87.5 MPH)
Batting: SHB Jon Munoz 0-0: Swinging Strike
0-1: Fly out, F5 (Popup, 56S, EV 85.0 MPH)
Bottom of the 7th over - 0 runs, 0 hits, 0 errors, 0 left on base; Fort Wayne 8 - Hartford 5
TOP OF THE 8TH
Fort Wayne TinCaps batting - Pitching for Hartford Yard Goats : LHP Ryan Morlan
Pitching: RHP Travis Porter
Batting: RHB Rodolfo Rivera 0-0: SINGLE (Line Drive, 56D, EV 100.6 MPH)
Batting: LHB Mike Schermerhorn 0-0: Called Strike
0-1: Ball
1-1: Called Strike
1-2: Ball
2-2: Grounds into double play, 5-4-3 (Groundball, 5, EV 108.1 MPH)
Batting: LHB Angel Mejia 0-0: Foul Ball, location: 2F
0-1: Foul Ball, location: 2F
0-2: Ball
1-2: Strikes out looking
Top of the 8th over - 0 runs, 1 hit, 0 errors, 0 left on base; Fort Wayne 8 - Hartford 5
BOTTOM OF THE 8TH
Hartford Yard Goats batting - Pitching for Fort Wayne TinCaps : RHP Roger Brennan
Now at 3B: Brian Burd
Now at SS: Rich Justice
Batting: SHB Pete Perla 0-0: Foul Ball, location: 2F
0-1: Foul Ball, location: 2F
0-2: Ground out 4-3 (Groundball, 4, EV 85.6 MPH)
Batting: RHB Justin Williams 0-0: Ball
1-0: Ball
2-0: Ball
3-0: Base on Balls
Batting: RHB Kian-tat Chen 0-0: SINGLE (Line Drive, 4MD, EV 106.9 MPH)
Justin Williams to second
Batting: RHB Eric Garrett 0-0: Ball
1-0: Ball
2-0: Swinging Strike
2-1: Ground out 6-3 (Groundball, 6S, EV 66.2 MPH)
Justin Williams to third
Kian-tat Chen to second
Batting: LHB Eddie Gonzalez 0-0: Ball
1-0: Ball
2-0: Ground out 4-3 (Groundball, 4, EV 80.6 MPH)
Bottom of the 8th over - 0 runs, 1 hit, 0 errors, 2 left on base; Fort Wayne 8 - Hartford 5
TOP OF THE 9TH
Fort Wayne TinCaps batting - Pitching for Hartford Yard Goats : RHP Travis Porter
Pitching: LHP Su-wu Pi
Batting: RHB Mike Maserang 0-0: Ball
1-0: Foul Ball, location: 2F
1-1: Foul Ball, location: 2F
1-2: Ball
2-2: SINGLE (Groundball, 56D, EV 95.6 MPH)
Batting: RHB Davey Verhoog 0-0: Sac Bunt to 13 - play at first, batter OUT! 1-3
Mike Maserang to second
Batting: SHB Josh Parker 0-0: Called Strike
0-1: Ball
1-1: Ball
2-1: Foul Ball, location: 2F
2-2: Foul Ball, location: 2F
2-2: Ball
3-2: Foul Ball, location: 2F
3-2: Ground out 4-3 (Groundball, 34, EV 96.9 MPH)
Mike Maserang to third
Batting: RHB Nelson Trujillo 0-0: Foul Ball, location: 2F
0-1: Swinging Strike
0-2: Strikes out swinging
Top of the 9th over - 0 runs, 1 hit, 0 errors, 1 left on base; Fort Wayne 8 - Hartford 5
BOTTOM OF THE 9TH
Hartford Yard Goats batting - Pitching for Fort Wayne TinCaps : RHP Roger Brennan
Pitching: RHP Eddie Starks
Batting: RHB Randy Breitbart 0-0: Ball
1-0: Called Strike
1-1: DOUBLE (Line Drive, 89D, EV 107.5 MPH)
Batting: LHB Mick Knopp 0-0: Ball
1-0: Swinging Strike
1-1: Called Strike
Balk!
Randy Breitbart to third
1-2: Fly out, F8 (Flyball, 89S, EV 74.4 MPH)
Batting: SHB Eddie Quinones 0-0: Called Strike
0-1: Ball
1-1: SINGLE (Line Drive, 78S, EV 92.5 MPH)
Randy Breitbart scores
Batting: SHB Jon Munoz 0-0: Called Strike
0-1: Fly out, F7 (Flyball, 7S, EV 80.6 MPH)
Batting: SHB Pete Perla 0-0: Called Strike
0-1: Ball
1-1: Swinging Strike
Passed Ball!
Eddie Quinones to second
1-2: Strikes out swinging
Bottom of the 9th over - 1 run, 2 hits, 0 errors, 1 left on base; Fort Wayne 8 - Hartford 6
Thursday, March 31st , 2022 - OOTP Baseball 22.12 Build 89